MLB
COLORADO ROCKIES @ MINNESOTA TWINS
11/08/2098
 
TOP OF THE 1ST
Colorado Rockies batting - Pitching for Minnesota Twins : RHP Russell Cottrell
Pitching: RHP Russell Cottrell
Batting: LHB Glenn Sewell 0-0: Fly out, F7 (Flyball, 7LS, EV 91.9 MPH)
Batting: RHB Mike Woodard 0-0: Foul Ball, location: 7LDF
0-1: Called Strike
0-2: Ball
1-2: Foul Ball, location: 3FF
1-2: Strikes out looking
Batting: LHB Matt Beck 0-0: Foul Ball, location: 23F
0-1: Ball
1-1: Ball
2-1: Called Strike
2-2: Ball
3-2: Foul Ball, location: 3FF
3-2: Fly out, F9 (Flyball, 89M, EV 92.5 MPH)
Top of the 1st over - 0 runs, 0 hits, 0 errors, 0 left on base; Colorado 0 - Minnesota 0
BOTTOM OF THE 1ST
Minnesota Twins batting - Pitching for Colorado Rockies : LHP Zander Gonzalez
Pitching: LHP Zander Gonzalez
Batting: RHB Rogelio Rivera 0-0: Ball
1-0: DOUBLE (Line Drive, 89D, EV 103.1 MPH)
Batting: SHB Jim Whitlock 0-0: Swinging Strike
0-1: SINGLE (Groundball, 5S, EV 65.0 MPH) (infield hit)
Rogelio Rivera to third
Batting: RHB Bill Widby 0-0: Called Strike
0-1: Ball
1-1: Called Strike
1-2: Ball
2-2: Grounds into double play, 6-4-3 (Groundball, 6D, EV 103.1 MPH)
Rogelio Rivera scores
Batting: RHB Joe Looby 0-0: Ball
1-0: Foul Ball, location: 9LMF
1-1: Called Strike
1-2: Ball
2-2: Strikes out looking
Bottom of the 1st over - 1 run, 2 hits, 0 errors, 0 left on base; Colorado 0 - Minnesota 1
TOP OF THE 2ND
Colorado Rockies batting - Pitching for Minnesota Twins : RHP Russell Cottrell
Batting: RHB Kosuke Sakai 0-0: Ball
1-0: Swinging Strike
1-1: Swinging Strike
1-2: Ball
2-2: Strikes out swinging
Batting: LHB Jim Davis 0-0: Called Strike
0-1: Swinging Strike
0-2: Ball
1-2: Ball
2-2: Foul Ball, location: 25F
2-2: Ball
3-2: Strikes out swinging
Batting: LHB Jeremy Papish 0-0: Called Strike
0-1: Ball
1-1: Swinging Strike
1-2: Foul Ball, location: 2F
1-2: Foul Ball, location: 3SF
1-2: Strikes out swinging
Top of the 2nd over - 0 runs, 0 hits, 0 errors, 0 left on base; Colorado 0 - Minnesota 1
BOTTOM OF THE 2ND
Minnesota Twins batting - Pitching for Colorado Rockies : LHP Zander Gonzalez
Batting: SHB William Maki 0-0: Ball
1-0: Ground out 4-3 (Groundball, 4, EV 89.4 MPH)
Batting: SHB Dan Mayes 0-0: Ball
1-0: Called Strike
1-1: Ball
2-1: Called Strike
2-2: Strikes out looking
Batting: LHB Emilio Gonzales 0-0: Called Strike
0-1: Ball
1-1: Foul Ball, location: 5F
1-2: SINGLE (Line Drive, 56D, EV 101.3 MPH)
Batting: RHB Chris Ward 0-0: Foul Ball, location: 2F
0-1: Fielders Choice at 2nd, U6 (Groundball, 6M, EV 101.3 MPH)
Bottom of the 2nd over - 0 runs, 1 hit, 0 errors, 1 left on base; Colorado 0 - Minnesota 1
TOP OF THE 3RD
Colorado Rockies batting - Pitching for Minnesota Twins : RHP Russell Cottrell
Batting: LHB Mike Keatts 0-0: Called Strike
0-1: Foul Ball, location: 7LMF
0-2: Ball
1-2: Ground out 5-3 (Groundball, 56, EV 95.6 MPH)
Batting: LHB Carlos Parez 0-0: Ball
1-0: Ball
2-0: Foul Ball, location: 9LSF
2-1: Swinging Strike
2-2: Strikes out looking
Batting: LHB Jesus Pena 0-0: SINGLE (Groundball, 34D, EV 96.3 MPH)
Pitching: LHP Jon Meger
Batting: LHB Glenn Sewell 0-0: Called Strike
0-1: Swinging Strike
0-2: Hit by Pitch
Jesus Pena to second
Batting: RHB Mike Woodard 0-0: 3-RUN HOME RUN (Flyball, 7D, EV 97.5 MPH), Distance : 374 ft
Batting: LHB Matt Beck 0-0: Ball
1-0: Called Strike
1-1: SINGLE (Line Drive, 3D, EV 98.8 MPH)
Batting: RHB Kosuke Sakai 0-0: Swinging Strike
0-1: Ball
1-1: Ball
2-1: Foul Ball, location: 2LF
2-2: Strikes out swinging
Top of the 3rd over - 3 runs, 3 hits, 0 errors, 1 left on base; Colorado 3 - Minnesota 1
BOTTOM OF THE 3RD
Minnesota Twins batting - Pitching for Colorado Rockies : LHP Zander Gonzalez
Batting: RHB Adam Ramsey 0-0: Called Strike
0-1: SINGLE (Groundball, 4MD, EV 106.3 MPH)
Pitching: RHP Doug Craig
Batting: RHB Rogelio Rivera 0-0: Called Strike
0-1: Foul Ball, location: 2F
0-2: SINGLE (Line Drive, 9S, EV 100.0 MPH)
Adam Ramsey to second
Batting: SHB Jim Whitlock 0-0: Fielders Choice at 2nd, 5-4 (Groundball, 25, EV 91.9 MPH)
Adam Ramsey to third
Batting: RHB Bill Widby 0-0: Called Strike
0-1: Called Strike
0-2: Strikes out swinging
Batting: RHB Joe Looby 0-0: Foul Ball, location: 2F
0-1: Ball
1-1: Ball
2-1: 3-RUN HOME RUN (Flyball, 78XD, EV 111.9 MPH), Distance : 435 ft
Batting: SHB William Maki 0-0: Called Strike
0-1: Swinging Strike
0-2: Ball
1-2: Fly out, F7 (Line Drive, 78M, EV 110.0 MPH)
Bottom of the 3rd over - 3 runs, 3 hits, 0 errors, 0 left on base; Colorado 3 - Minnesota 4
TOP OF THE 4TH
Colorado Rockies batting - Pitching for Minnesota Twins : LHP Jon Meger
Batting: LHB Jim Davis 0-0: Ball
1-0: Ball
2-0: Ball
3-0: Called Strike
3-1: Swinging Strike
3-2: Strikes out swinging
Batting: LHB Jeremy Papish 0-0: DOUBLE (Line Drive, 78D, EV 101.9 MPH)
Pitching: RHP Jeff Olguin
Batting: LHB Mike Keatts 0-0: Ball
1-0: SINGLE (Line Drive, 89S, EV 105.6 MPH)
Jeremy Papish to third
Batting: LHB Carlos Parez 0-0: Called Strike
0-1: Called Strike
0-2: Ball
1-2: SINGLE (Line Drive, 7LS, EV 107.5 MPH)
Jeremy Papish scores
Mike Keatts to second
Batting: LHB Jesus Pena 0-0: Swinging Strike
0-1: Ball
1-1: Foul Ball, location: 5DF
1-2: Ball
2-2: Fielders Choice at 2nd, 6-4 (Groundball, 6, EV 92.5 MPH)
Mike Keatts to third
Batting: LHB Glenn Sewell 0-0: Called Strike
Jesus Pena steals 2nd base
0-1: Ball
1-1: Swinging Strike
1-2: Ball
2-2: Ball
3-2: Strikes out looking
Top of the 4th over - 1 run, 3 hits, 0 errors, 2 left on base; Colorado 4 - Minnesota 4
BOTTOM OF THE 4TH
Minnesota Twins batting - Pitching for Colorado Rockies : RHP Doug Craig
Batting: SHB Dan Mayes 0-0: Ball
1-0: Ball
2-0: Foul Ball, location: 2F
2-1: Swinging Strike
2-2: Foul Ball, location: 7LDF
2-2: Foul Ball, location: 25F
2-2: SINGLE (Line Drive, 7S, EV 103.8 MPH)
Pitching: LHP Allen Oliver
Batting: LHB Emilio Gonzales 0-0: Foul Ball, location: 2F
0-1: Ball
1-1: Foul Ball, location: 9LSF
1-2: Fly out, F4 (Popup, 4, EV 67.5 MPH)
Batting: RHB Chris Ward 0-0: Ball
1-0: Called Strike
1-1: Ball
2-1: Ball
3-1: Foul Ball, location: 23F
3-2: Strikes out swinging
Batting: RHB Adam Ramsey 0-0: Ball
1-0: Fly out, F9 (Flyball, 9LM, EV 103.1 MPH)
Bottom of the 4th over - 0 runs, 1 hit, 0 errors, 1 left on base; Colorado 4 - Minnesota 4
TOP OF THE 5TH
Colorado Rockies batting - Pitching for Minnesota Twins : RHP Jeff Olguin
Pitching: RHP Danny Ahlers
Batting: RHB Mike Woodard 0-0: Swinging Strike
0-1: Ball
1-1: Ball
2-1: Ball
3-1: Foul Ball, location: 7LMF
3-2: Strikes out swinging passed ball, reaches first!
Batting: LHB Matt Beck 0-0: Called Strike
0-1: Ball
1-1: Fly out, F9 (Flyball, 89D, EV 103.8 MPH)
Batting: RHB Kosuke Sakai 0-0: Ball
1-0: Ball
2-0: Foul Ball, location: 7LDF
2-1: Ball
3-1: Foul Ball, location: 25F
3-2: Strikes out swinging
Batting: LHB Jim Davis 0-0: Called Strike
0-1: Foul Ball, location: 2F
0-2: Ball
1-2: Ball
2-2: Ball
3-2: Strikes out looking
Top of the 5th over - 0 runs, 0 hits, 0 errors, 1 left on base; Colorado 4 - Minnesota 4
BOTTOM OF THE 5TH
Minnesota Twins batting - Pitching for Colorado Rockies : LHP Allen Oliver
Batting: RHB Rogelio Rivera 0-0: Ball
1-0: Foul Ball, location: 25F
1-1: Ball
2-1: Ball
3-1: Foul Ball, location: 5FF
3-2: Reached on error, E5 (Groundball, 5S, EV 67.5 MPH)
Pitching: RHP Kevin Kulik
Batting: SHB Jim Whitlock 0-0: Sac Bunt to 23 - play at first, batter OUT! 3-4
Rogelio Rivera to second
Batting: RHB Bill Widby 0-0: Foul Ball, location: 5SF
0-1: Foul Ball, location: 2F
0-2: Ball
1-2: Ball
2-2: Foul Ball, location: 2F
2-2: Fly out, F7 (Flyball, 7S, EV 81.3 MPH)
Batting: RHB Joe Looby 0-0: Foul Ball, location: 5FF
0-1: Ball
1-1: Ball
2-1: Ball
3-1: Foul Ball, location: 2F
3-2: Base on Balls
Batting: SHB William Maki 0-0: Ball
1-0: Ball
2-0: Swinging Strike
2-1: Ball
3-1: Fly out, F4 (Popup, 34D, EV 69.4 MPH)
Bottom of the 5th over - 0 runs, 0 hits, 1 error, 2 left on base; Colorado 4 - Minnesota 4
TOP OF THE 6TH
Colorado Rockies batting - Pitching for Minnesota Twins : RHP Danny Ahlers
Batting: LHB Jeremy Papish 0-0: Ball
1-0: Swinging Strike
1-1: Ball
2-1: Called Strike
2-2: Foul Ball, location: 2F
2-2: SINGLE (Line Drive, 8RS, EV 104.4 MPH)
Batting: LHB Mike Keatts 0-0: Ball
1-0: Ball
2-0: Foul Ball, location: 7LMF
2-1: Swinging Strike
2-2: Foul Ball, location: 2F
2-2: Strikes out swinging
Pitching: RHP Jaden Moore
Batting: LHB Carlos Parez 0-0: Ball
1-0: Grounds into double play, 4-6-3 (Groundball, 4M, EV 86.3 MPH)
Top of the 6th over - 0 runs, 1 hit, 0 errors, 0 left on base; Colorado 4 - Minnesota 4
BOTTOM OF THE 6TH
Minnesota Twins batting - Pitching for Colorado Rockies : RHP Kevin Kulik
Batting: SHB Dan Mayes 0-0: Ball
1-0: Ball
2-0: Ball
3-0: Called Strike
3-1: Called Strike
3-2: Base on Balls
Batting: LHB Emilio Gonzales 0-0: Ball
1-0: Fielders Choice at 2nd, 6-4 (Groundball, 6, EV 80.0 MPH)
Pinch Hitting: LHB Dan Barker 0-0: Ball
1-0: Called Strike
1-1: Foul Ball, location: 7LSF
1-2: Ball
2-2: Fly out, F9 (Flyball, 9LM, EV 93.1 MPH)
Pitching: RHP Rob Dillon
Batting: RHB Adam Ramsey 0-0: Ball
1-0: Called Strike
1-1: Ball
2-1: Hit by Pitch
Emilio Gonzales to second
Batting: RHB Rogelio Rivera 0-0: Ball
1-0: DOUBLE (Line Drive, 8RXD, EV 110.0 MPH)
Emilio Gonzales scores
Adam Ramsey to third
Runner from 3rd tries for Home, SAFE, no throw by CF
Batting: SHB Jim Whitlock 0-0: Ball
1-0: Called Strike
1-1: Swinging Strike
1-2: Strikes out swinging
Bottom of the 6th over - 2 runs, 1 hit, 0 errors, 1 left on base; Colorado 4 - Minnesota 6
TOP OF THE 7TH
Colorado Rockies batting - Pitching for Minnesota Twins : RHP Jaden Moore
Now at SS: Nick White
Batting: LHB Jesus Pena 0-0: Called Strike
0-1: Foul Ball, location: 5SF
0-2: Ground out U3 (Groundball, 3, EV 110.6 MPH)
Pitching: LHP Josh Schumann
Pinch Hitting: RHB Ricky Aguilera 0-0: Ball
1-0: Fly out, F7 (Flyball, 78S, EV 90.6 MPH)
Batting: RHB Mike Woodard 0-0: Ground out 6-3 (Groundball, 6, EV 86.9 MPH)
Top of the 7th over - 0 runs, 0 hits, 0 errors, 0 left on base; Colorado 4 - Minnesota 6
BOTTOM OF THE 7TH
Minnesota Twins batting - Pitching for Colorado Rockies : RHP Rob Dillon
Now in LF: Tony Thomas
Batting: RHB Bill Widby 0-0: Swinging Strike
0-1: Swinging Strike
0-2: Ball
1-2: Ball
2-2: Foul Ball, location: 2F
2-2: Fly out, F8 (Flyball, 89S, EV 96.3 MPH)
Batting: RHB Joe Looby 0-0: Foul Ball, location: 9LMF
0-1: Ball
1-1: Called Strike
1-2: Foul Ball, location: 2F
1-2: Ball
2-2: SINGLE (Groundball, 6D, EV 101.9 MPH)
Pitching: RHP Xavier Clayton
Batting: SHB William Maki 0-0: Ball
1-0: Ball
2-0: Ball
3-0: Called Strike
3-1: Base on Balls
Joe Looby to second
Batting: SHB Dan Mayes 0-0: Fielders Choice at 2nd, 3-6 (Groundball, 3, EV 105.0 MPH)
Joe Looby to third
Batting: LHB Emilio Gonzales 0-0: Foul Ball, location: 2LF
0-1: Swinging Strike
0-2: Ball
1-2: Ball
2-2: Ball
3-2: Strikes out swinging
Bottom of the 7th over - 0 runs, 1 hit, 0 errors, 2 left on base; Colorado 4 - Minnesota 6
TOP OF THE 8TH
Colorado Rockies batting - Pitching for Minnesota Twins : LHP Josh Schumann
Batting: LHB Matt Beck 0-0: Swinging Strike
0-1: SOLO HOME RUN (Flyball, 9LD, EV 91.3 MPH), Distance : 357 ft
Batting: RHB Kosuke Sakai 0-0: Foul Ball, location: 2F
0-1: Ball
1-1: Ball
2-1: Ball
3-1: Fly out, F8 (Flyball, 8RD, EV 104.4 MPH)
Pinch Hitting: SHB Brian Hatcher 0-0: Called Strike
0-1: Ball
1-1: Foul Ball, location: 5F
1-2: Strikes out looking
Batting: LHB Jeremy Papish 0-0: Swinging Strike
0-1: Ball
1-1: Foul Ball, location: 7LSF
1-2: Ball
2-2: Strikes out swinging
Top of the 8th over - 1 run, 1 hit, 0 errors, 0 left on base; Colorado 5 - Minnesota 6
BOTTOM OF THE 8TH
Minnesota Twins batting - Pitching for Colorado Rockies : RHP Xavier Clayton
Now at 1B: Carlos Parez
Now at 2B: Orlando Serrano
Batting: SHB Nick White 0-0: Called Strike
0-1: Ball
1-1: Ball
2-1: Foul Ball, location: 7LSF
2-2: Ball
3-2: Strikes out swinging
Batting: RHB Adam Ramsey 0-0: Ball
1-0: Called Strike
1-1: Called Strike
1-2: Ball
2-2: Ball
3-2: Foul Ball, location: 3SF
3-2: Strikes out looking
Batting: RHB Rogelio Rivera 0-0: Ball
1-0: Ball
2-0: Called Strike
2-1: Ball
3-1: Foul Ball, location: 9LSF
3-2: Foul Ball, location: 5FF
3-2: Base on Balls
Pitching: RHP Angel Cruz
Batting: SHB Jim Whitlock 0-0: Ball
1-0: Foul Ball, location: 23F
1-1: Ball
Rogelio Rivera steals 2nd base
2-1: Foul Ball, location: 7LDF
2-2: Foul Ball, location: 2F
2-2: SINGLE (Groundball, P, EV 84.4 MPH) (infield hit)
Rogelio Rivera to third
Batting: RHB Bill Widby 0-0: Foul Ball, location: 5FF
0-1: Ball
1-1: Swinging Strike
1-2: Strikes out swinging
Bottom of the 8th over - 0 runs, 1 hit, 0 errors, 2 left on base; Colorado 5 - Minnesota 6
TOP OF THE 9TH
Colorado Rockies batting - Pitching for Minnesota Twins : LHP Josh Schumann
Pitching: LHP Jeff Downing
Batting: LHB Mike Keatts 0-0: Called Strike
0-1: Foul Ball, location: 2F
0-2: Ground out 4-3 (Groundball, 4, EV 83.8 MPH)
Pinch Hitting: RHB Brenden Oxton 0-0: Swinging Strike
0-1: Called Strike
0-2: Ball
1-2: Foul Ball, location: 9LDF
1-2: Ball
2-2: Fly out, F7 (Flyball, 7S, EV 88.1 MPH)
Batting: LHB Jesus Pena 0-0: Called Strike
0-1: Ball
1-1: Called Strike
1-2: Foul Ball, location: 2RF
1-2: SINGLE (Line Drive, 89S, EV 98.1 MPH)
Pitching: RHP Orlando Basurto
Batting: RHB Tony Thomas 0-0: Swinging Strike
0-1: Ball
1-1: Called Strike
1-2: Ball
2-2: Ball
3-2: Strikes out swinging
Top of the 9th over - 0 runs, 1 hit, 0 errors, 1 left on base; Colorado 5 - Minnesota 6
Friday, April 19th , 2024 - OOTP Baseball 24.11 Build 85